 Dungeon Crawl Stone Soup version 0.29.1 (webtiles) character file.

Game seed: 50097964227409022

98 experimilk the Grave Robber (level 4, 0/33 HPs)
             Began as a Ghoul Necromancer on Sept 14, 2022.
             Killed by divine providence
             ... invoked by an orc priest
              (10 damage)
             ... on level 3 of the Dungeon.
             The game lasted 00:10:13 (3688 turns).

experimilk the Grave Robber (Ghoul Necromancer)     Turns: 3688, Time: 00:10:14

Health: 0/33       AC:  2    Str: 11    XL:     4   Next: 71%
Magic:  6/6        EV: 12    Int: 12    God:
Gold:   120        SH:  0    Dex:  9    Spells: 3/7 levels left

rFire   . . .      SeeInvis .   h - +0 club
rCold   + + .      Faith    .   (no shield)
rNeg    + + +      Spirit   .   a - +0 robe
rPois   ∞          Reflect  .   (no helmet)
rElec   .          Harm     .   (no cloak)
rCorr   .          Rampage  .   (no gloves)
Will    .....                   (no boots)
Stlth   ++........              (no amulet)
HPRegen 0.00/turn               e - ring of protection from cold
MPRegen 0.10/turn               (no ring)

@: inhibited regen
A: claws 1, cold resistance 1, negative energy resistance 3, inhibited
regeneration, torment resistance 2, devour on kill
a: no special abilities


You were on level 3 of the Dungeon.
You visited 1 branch of the dungeon, and saw 3 of its levels.

You collected 120 gold pieces.

Inventory:

Hand Weapons
 g - a +0 dagger of freezing
 h - a +0 club (weapon)
Armour
 a - a +0 robe (worn)
Jewellery
 e - a ring of protection from cold (left claw)
Scrolls
 i - a scroll of teleportation {unknown}
 n - a scroll of magic mapping {unknown}
 o - a scroll of fear {unknown}
 p - a scroll of butterflies {unknown}
Potions
 b - a potion of magic
 c - 2 potions of curing
 f - a potion of flight {unknown}
 j - a potion of resistance {unknown}
 l - a potion of invisibility {unknown}
 m - a potion of cancellation {unknown}


   Skills:
 + Level 0.5 Maces & Flails
 - Level 1.7 Dodging
 - Level 2.1 Stealth
 + Level 2.0 Spellcasting
 * Level 5.7 Necromancy


You had 3 spell levels left.
You knew the following spells:

 Your Spells              Type           Power      Damage    Failure   Level
a - Necrotise             Necr           56%        1d6       2%          1
b - Vampiric Draining     Necr           14%        2d7       8%          3

Your spell library contained the following spells:

 Spells                   Type           Power      Damage    Failure   Level
 Animate Dead             Necr           14%        N/A       26%         4
 Agony                    Necr           14%        N/A       58%         5


Dungeon Overview and Level Annotations

Branches:
Dungeon (3/15)

Altars:


Innate Abilities, Weirdness & Mutations

You are immune to poison.
You have sharp fingernails.
Your flesh is cold resistant. (rC+)
You are immune to negative energy. (rN+++)
You do not regenerate when monsters are visible.
You are immune to unholy pain and torment.
You thrive by killing the living.


Message History

Confirm with . or Enter, or press ? or * to list all spells.
Aiming: Necrotise (safe; 2% risk of failure)
Press: ? - help, Shift-Dir - straight line, f - ball python
Aim: a ball python (chance to affect: 84%)
The ball python barely resists.
Casting: Necrotise (safe; 2% risk of failure)
Confirm with . or Enter, or press ? or * to list all spells.
Aiming: Necrotise (safe; 2% risk of failure)
Press: ? - help, Shift-Dir - straight line, f/p - ball python
Aim: a ball python (chance to affect: 84%)
The ball python writhes in agony.
The orc wizard gestures wildly while chanting.
The orc wizard flickers and vanishes!
Deactivating autopickup; reactivate with Ctrl-A.
Casting: Necrotise (safe; 2% risk of failure)
Confirm with . or Enter, or press ? or * to list all spells.
Aiming: Necrotise (safe; 2% risk of failure)
Press: ? - help, Shift-Dir - straight line, f/p - ball python
Aim: a ball python (moderately wounded, chance to affect: 84%)
You miscast Necrotise.
You are very lightly contaminated with residual magic.
Nothing appears to happen.
The ball python bites you but does no damage.
The ball python grabs you. The ball python constricts you.
The ball python barely misses you. The ball python constricts you.
You hit the ball python.
You kill the ball python!
You feel better.
You hear some strange, mumbled words.
Something tries to affect you, but you resist.
The orc priest mumbles some strange prayers to Beogh against you.
Beogh smites you!
Your magical contamination has completely faded away.
You see here 4 stones.
The orc priest calls down the wrath of Beogh upon you.
Beogh smites you!
* * * LOW HITPOINT WARNING * * *
The orc priest invokes the aid of Beogh against you.
Beogh smites you!
You die...

####
...###############
.#...............#
...#####.#######(#
..## #.# #.# ###
#.# #.# #.# #@#
#.# #.# #.# #.#
#.# #.# #.# #o#
#<# #.# #.# #.#
#.# ####o# #.#
#....#


You could see an orc priest and an orc.

Vanquished Creatures
  5 adders
  A dart slug (D:1)
  8 ball pythons
  3 endoplasms
  8 goblins
  5 hobgoblins
  6 kobolds
  2 quokkas (D:1)
  4 bats
  2 frilled lizards (D:1)
  4 rats
48 creatures vanquished.

Vanquished Creatures (collateral kills)
  A dart slug (D:1)
1 creature vanquished.

Grand Total: 49 creatures vanquished

Notes
Turn   | Place    | Note
-------+----------+-------------------------------------------
     0 | D:1      | experimilk the Ghoul Necromancer began the quest for the
                  | Orb.
     0 | D:1      | Reached XP level 1. HP: 14/14 MP: 2/2
   340 | D:1      | Reached XP level 2. HP: 20/20 MP: 0/3
   501 | D:1      | Found a faded altar of an unknown god.
  1321 | D:1      | Reached XP level 3. HP: 26/26 MP: 0/4
  1404 | D:1      | Learned a level 3 spell: Vampiric Draining
  1692 | D:2      | Reached skill level 5 in Necromancy
  2624 | D:2      | Reached XP level 4. HP: 30/33 MP: 0/5
  3688 | D:3      | Killed from afar by an orc priest

Illustrated notes

Levels and vault maps discovered:
D:1:      minmay_arrival_cross, layout_loops_corners,
          shapermc_ecumenical_altar_mp_highgroup
D:2:      layout_basic, minmay_tiny_reverse_x
D:3:      layout_loops_ring, uniq_sigmund, uniq_grinder

Skill      XL: |  1  2  3  4 |
---------------+-------------+-----
Necromancy     | 5 |  5.7
Spellcasting   | 2 |  2.0
Maces & Flails | |  0.5
Dodging        | |  1.7
Stealth        | |  2.1

Action                   |  1- 3 |  4- 6 || total
-------------------------+-------+-------++-------
Melee: Unarmed           |    20 |       ||    20
       Club              |    26 |    33 ||    59
       Punch             |       |     1 ||     1
 Cast: Necrotise         |    60 |    33 ||    93
       Vampiric Draining |     1 |       ||     1
  Use: Scroll            |     3 |     1 ||     4
       Potion            |       |     1 ||     1
Armor: Robe              |     9 |    13 ||    22
Dodge: Dodged            |    40 |    45 ||    85
